 Dungeon Crawl Stone Soup version 0.29.1-1-gd02db6906a (webtiles) character file.

Game seed: 16221172752278756842

11 WilliamBlazkowicz the Chopper (level 2, -4/22 HPs)
             Began as a Human Gladiator on Sept 25, 2022.
             Killed from afar by a white imp (11 damage)
             ... with a puff of frost
             ... on level 5 of the Dungeon.
             The game lasted 00:01:45 (350 turns).

WilliamBlazkowicz the Chopper (Human Gladiator)      Turns: 350, Time: 00:01:46

Health: -4/22      AC:  4    Str: 14    XL:     2   Next: 35%
Magic:  2/2        EV: 12    Int:  8    God:
Gold:   7          SH:  0    Dex: 14    Spells: 1/1 levels left

rFire   . . .      SeeInvis .   a - +0 war axe
rCold   . . .      Faith    .   (no shield)
rNeg    . . .      Spirit   .   b - +0 leather armour
rPois   .          Reflect  .   c - +0 helmet
rElec   .          Harm     .   (no cloak)
rCorr   .          Rampage  .   (no gloves)
Will    .....                   (no boots)
Stlth   +.........              (no amulet)
HPRegen 0.07/turn               (no ring)
MPRegen 0.08/turn               (no ring)

@: hasted, very quick
A: no striking features
a: no special abilities


You were on level 5 of the Dungeon.
You visited 1 branch of the dungeon, and saw 5 of its levels.

You collected 7 gold pieces.

Inventory:

Hand Weapons
 a - a +0 war axe (weapon)
 g - a +0 sling
Missiles
 d - 3 throwing nets (quivered)
 e - a javelin
 h - 4 poisoned darts
Armour
 b - a +0 leather armour (worn)
 c - a +0 helmet (worn)
Scrolls
 f - 2 scrolls of identify {unknown}


   Skills:
 * Level 2.1 Fighting
 * Level 3.2 Axes
 * Level 2.0 Throwing
 * Level 0.4 Armour
 * Level 3.1 Dodging
 * Level 0.3 Stealth


You had one spell level left.
You didn't know any spells.
Your spell library was empty.

Dungeon Overview and Level Annotations

Branches:
Dungeon (6/15)
 Temple: D:4-7

Altars:
Kikubaaqudgha


Message History

The puff of frost misses you.
Found a book of Storms.
The white imp gestures at you. The puff of frost hits you.
Fire: g) +0 sling
Press: ? - help, Q - select action, (/) - cycle Shift-Dir - straight line, f - white imp
Aim: a white imp (56% to hit)
You shoot a sling bullet.
The sling bullet barely misses the white imp.
Unknown command.
Fire: g) +0 sling
Press: ? - help, Q - select action, (/) - cycle Shift-Dir - straight line, f/p - white imp
Aim: a white imp (56% to hit)
You shoot a sling bullet.
The sling bullet closely misses the white imp.
A white imp comes into view.
The white imp hits you. The white imp freezes you.
The white imp gestures at you. The puff of frost hits you!
Okay, then.
It was a potion of haste.
You feel yourself speed up. The white imp closely misses you.
You aren't carrying any potions.
Unknown command.
a - a +0 war axe (weapon)
The white imp shouts, "Flounder, thou infectious onion-eyed ratsbane!"
You hit the white imp.
The white imp is lightly wounded.
The white imp completely misses you. The white imp misses you.
There is a stone staircase leading up here.
You climb upwards.
The adder hisses angrily.
There is a stone staircase leading down here.
You barely miss the white imp.
The white imp is lightly wounded.
The white imp gestures at you. The puff of frost hits you!
Ouch! That really hurt!
You die...

###.########..#
.......@5.....#
...S###.#####.#
. #.# #.# #.#
#.# #.# #.#


You could see an adder and a white imp.

Vanquished Creatures
  A worm (D:3)
  An endoplasm (D:1)
  A goblin (D:1)
  2 hobgoblins (D:1)
  A bat (D:3)
  2 rats
8 creatures vanquished.

Notes
Turn   | Place    | Note
-------+----------+-------------------------------------------
     0 | D:1      | WilliamBlazkowicz the Human Gladiator began the quest for
                  | the Orb.
     0 | D:1      | Reached XP level 1. HP: 16/16 MP: 1/1
    56 | D:1      | Found a faded altar of an unknown god.
    81 | D:2      | Reached XP level 2. HP: 12/22 MP: 2/2
   288 | D:3      | Found an ancient bone altar of Kikubaaqudgha.
   311 | D:3      | You fall into a shaft and drop 3 floors!
   349 | D:5      | Entered Level 5 of the Dungeon
   350 | D:5      | Killed from afar by a white imp

Illustrated notes

Levels and vault maps discovered:
D:1:      giann_bridges, layout_loops_ring,
          ebering_ecumenical_altar_sacrificial, minmay_misc_feat_hallway
D:2:      layout_loops_ring, lightli_corner_chamber
D:3:      minmay_wonky_spiral, layout_basic, lemuel_doored_altar,
          nicolae_yredelemnul_corpse_copse
D:5:      cheibrodos_fzero, layout_basic, uniq_grinder
D:6:      layout_rooms, mainiacjoe_overflow_brackets, amcnicky_mini_pool_small,
          kennysheep_generic_room_9

Action                   || total
-------------------------++-------
Melee: War axe           ||    21
 Fire: Sling             ||     8
  Use: Potion            ||     1
Armor: Leather armour    ||     4
Dodge: Dodged            ||    12
